 Dungeon Crawl Stone Soup version 0.29-a0-359-g541a27f54d (webtiles) character file.

Game seed: 11869542555811189642

36 purpskrrrp the Skirmisher (level 3, -5/43 HPs)
             Began as a Demonspawn Fighter on Apr 27, 2022.
             Was a High Priest of Ignis.
             Slain by Sigmund
             ... wielding a +0 scythe of flaming
              (9 damage)
             ... on level 2 of the Dungeon.
             The game lasted 00:07:37 (1658 turns).

purpskrrrp the Skirmisher (Demonspawn Fighter)      Turns: 1658, Time: 00:07:38

Health: -5/43      AC: 21    Str: 18    XL:     3   Next: 19%
Magic:  3/3        EV:  2    Int:  9    God:    Ignis [*****.]
Gold:   108        SH:  8    Dex: 12    Spells: 2/2 levels left

rFire   + . .      SeeInvis .   a - +0 long sword
rCold   . . .      Faith    .   g - +0 kite shield
rNeg    . . .      Spirit   .   (body armour currently unavailable)
rPois   +          Reflect  .   (helmet currently unavailable)
rElec   .          Harm     .   (cloak currently unavailable)
rCorr   .          Rampage  .   (gloves currently unavailable)
Will    .....      NoTele   +   (boots currently unavailable)
Stlth   +.........              (no amulet)
HPRegen 0.14/turn               (no ring)
MPRegen 0.08/turn               (no ring)

@: tree-form (expiring), on berserk cooldown, slowed, very slow
A: stationary, stasis, torment immunity, boosted hp, powered by pain 1, (demonic
touch 1)
a: Renounce Religion, Fiery Armour, Foxfire Swarm, Rising Flame


You were on level 2 of the Dungeon.
You worshipped Ignis.
Ignis was extremely pleased with you.
You were a tree.
You visited 1 branch of the dungeon, and saw 2 of its levels.

You collected 108 gold pieces.

Inventory:

Hand Weapons
 a - a +0 long sword (weapon)
Armour
 b - a +0 scale mail (melded)
 c - a +0 buckler
 g - a +0 kite shield (worn)
Potions
 d - 2 potions of might
 e - a potion of brilliance {unknown}


   Skills:
 + Level 3.4 Fighting
 + Level 2.1 Long Blades
 + Level 3.1 Armour
 + Level 0.1 Dodging
 + Level 3.0 Shields


You had 2 spell levels left.
You didn't know any spells.
Your spell library was empty.

Dungeon Overview and Level Annotations

Branches:
Dungeon (2/15)

Altars:
Ignis

Annotations:
D:2 Sigmund


Innate Abilities, Weirdness & Mutations

You are a tree.
Your roots penetrate the ground, keeping you stationary.
You cannot be teleported.
You are immune to unholy pain and torment.
Your maximum health is greatly increased.
Your equipment is partially melded.
You sometimes gain a little power by taking damage.
((Your touch may inflict minor irresistible damage on your foes.))


Message History

You cannot move.
You cannot move.
You cannot move.
You cannot move.
You cannot move.
You cannot move.
You cannot move.
You cannot move.
You cannot move.
You cannot move.
You cannot move.
You cannot move.
You slash something!
Something hits you but does no damage. x2
You slash something! Something hits you but does no damage.
You hit something.
Something hits you but does no damage. x2
You barely miss something. You block something's attack.
You closely miss something.
Your transformation is almost over.
You hear some strange, mumbled words.
A magic dart appears from out of thin air!
The magic dart hits you but does no damage.
You hear some strange, mumbled words.
Something tries to affect you, but you resist.
You cannot move.
You cannot move.
You closely miss something.
You hear some strange, mumbled words.
A magic dart appears from out of thin air!
The magic dart hits you but does no damage.
Something hits you.
* * * LOW HITPOINT WARNING * * *
You swing at nothing.
You hear some strange, mumbled words.
Something tries to affect you, but you resist.
You hear some strange, mumbled words.
A magic dart appears from out of thin air!
The magic dart hits you!
* * * LOW HITPOINT WARNING * * *
You swing at nothing.
Something hits you!
You die...

#....# #....
#.... ... ...
#.# #.# #{#
#♣# #.# ....
#.# .... #.#
......#.# ##
......#.# #.
......#.# #.
......#.# #.
........######
#######.


There were no monsters in sight!

Vanquished Creatures
  A dart slug (D:1)
  4 bats
  5 endoplasms
  2 goblins (D:1)
  A hobgoblin (D:2)
  6 jackals
  2 quokkas
  2 ball pythons
  2 frilled lizards (D:2)
  2 kobolds
  5 rats (D:1)
32 creatures vanquished.

Vanquished Creatures (others)
  2 demonic plants (D:1)
2 creatures vanquished.

Grand Total: 34 creatures vanquished

Notes
Turn   | Place    | Note
-------+----------+-------------------------------------------
     0 | D:1      | purpskrrrp the Demonspawn Fighter began the quest for the
                  | Orb.
     0 | D:1      | Reached XP level 1. HP: 18/18 MP: 1/1
   365 | D:1      | Found a faded altar of an unknown god.
   365 | D:1      | Noticed a Hell Sentinel
   373 | D:1      | Prayed at the altar of an unknown god.
   373 | D:1      | Became a worshipper of Ignis, the Dying Flame
   391 | D:1      | Gained mutation: You sometimes gain a little power by
                  | taking damage. [demonic ancestry]
   391 | D:1      | Reached XP level 2. HP: 18/24 MP: 2/2
  1348 | D:2      | Discovered your monstrous ancestry.
  1348 | D:2      | Gained mutation: Your touch may inflict minor irresistible
                  | damage on your foes. [demonic ancestry]
  1348 | D:2      | Reached XP level 3. HP: 13/29 MP: 3/3
  1630 | D:2      | Noticed Sigmund
  1658 | D:2      | Slain by Sigmund

Illustrated notes

Levels and vault maps discovered:
D:1:      dpeg_arrival_more_subterranean_lakeside_camping, layout_loops_cross,
          dreamdust_ecumenical_altar_sealed_demon
D:2:      layout_basic, basic_altar, uniq_sigmund

Skill      XL: |  1  2 |
---------------+-------+-----
Armour         | 3 |  3.1
Long Blades    | 2 |  2.1
Shields        | 3 |  3.0
Fighting       | |  3.4
Dodging        | |  0.1

Action                   || total
-------------------------++-------
Melee: Long sword        ||   119
  Use: Scroll            ||     2
       Potion            ||     5
Armor: Scale mail        ||    88
       Skin              ||     7
Dodge: Dodged            ||    65
Block: Buckler           ||    27
       Kite shield       ||     6

Table legend: (Time is in decaauts)
 A = Elapsed time spent in this place.
 B = Non-inter-level travel time spent in this place.
 C = Inter-level travel time spent in this place.
 D = Time resting spent in this place.
 E = Time spent auto-exploring this place.
 F = Levels seen in this place.
 G = Mean time per level.
                   A        B        C        D        E       F      G
               +--------+--------+--------+--------+--------+-----+--------+
         Total |   1718 |   1640 |     78 |    256 |   1045 |   2 |  859.0 |
       Dungeon |   1718 |   1640 |     78 |    256 |   1045 |   2 |  859.0 |
               +--------+--------+--------+--------+--------+-----+--------+

Top non-repeatable levels by time:
     D:1: 1233 daAuts
     D:2: 485 daAuts
